 Dungeon Crawl Stone Soup version 0.21.1-1-g345015fe64 (webtiles) character file.

51 Revguard the Skirmisher (level 3, -3/29 HPs)
             Began as a Demonspawn Abyssal Knight on June 4, 2018.
             Was a Follower of Lugonu.
             Slain by a gnoll
             ... wielding a +0 flail
              (9 damage)
             ... on level 2 of the Dungeon.
             The game lasted 00:09:36 (1952 turns).

Revguard the Skirmisher (Demonspawn Abyssal Knight) Turns: 1952, Time: 00:09:37

Health: -3/29      AC:  6    Str: 12    XL:     3   Next: 57%
Magic:  4/4        EV: 11    Int: 15    God:    Lugonu [*.....]
Gold:   81         SH:  0    Dex: 13    Spells: 3/3 levels left

rFire    . . .     SeeInvis .   a - +1 hand axe
rCold    . . .     Gourm    .   (no shield)
rNeg     . . .     Faith    .   b - +1 leather armour
rPois    .         Spirit   .   (no helmet)
rElec    .         Reflect  .   (no cloak)
rCorr    .         Harm     .   (no gloves)
MR       +....                  (no boots)
Stlth    +.........             f - amulet of inaccuracy (curse)
HPRegen  0.09/turn              (no ring)
MPRegen  0.09/turn              (no ring)

@: no status effects
A: slimy green scales 1, clever 1, magic resistance 1
a: Depart the Abyss, Renounce Religion


You were on level 2 of the Dungeon.
You worshipped Lugonu.
Lugonu was aware of your devotion.
You were not hungry.

You visited 1 branch of the dungeon, and saw 2 of its levels.
You visited the Abyss 1 time.

You collected 81 gold pieces.

Inventory:

Hand Weapons
 a - a +1 hand axe (weapon)
 i - a +1 vampiric short sword
Armour
 b - a +1 leather armour (worn)
Jewellery
 f - a cursed amulet of inaccuracy (around neck)
 j - an uncursed ring of protection from fire {unknown}
Scrolls
 g - a scroll of blinking
 m - a scroll of enchant armour
 o - a scroll of identify
Comestibles
 c - a ration


   Skills:
 + Level 3.3 Fighting
 + Level 2.6 Axes
 + Level 2.0 Armour
 + Level 1.3 Dodging
 + Level 0.1 Stealth
 * Level 0.9 Spellcasting
 + Level 2.6 Invocations


You had 3 spell levels left.
You didn't know any spells.

Dungeon Overview and Level Annotations

Branches:
Dungeon (2/15)

Altars:
Cheibriados


Innate Abilities, Weirdness & Mutations

You are partially covered in slimy green scales. (AC +2)
Your mind is acute. (Int +2)
You are resistant to hostile enchantments. (MR+)


Message History

You feel sick. The adder barely misses you. x2
You miss the adder.
The adder is almost dead.
The adder barely misses you.
You completely miss the adder.
The adder is almost dead.
You feel sick. The adder bites you but does no damage. The adder bites you.
* * * LOW HITPOINT WARNING * * *
You hit the adder.
You kill the adder!
Lugonu accepts your kill.
You feel sick.
You start resting.
You feel sick. x3
You are no longer poisoned.
You start resting.
The gnoll shouts!
The gnoll barely misses you. The gnoll hits you with a flail!
You die...

##...############
......).....gg..#
##...##########.####
##.### ##.....#
#...# #......#
###.## ####......#
####..###.........#
#.........###..g..#
#..#.#.#..# ###@###
#.........# #.#
#..#.#.#..# #.#
#........## #.#
#..#.#.#.# #.#
#........######.#
###########.....#
#.##### #.#


You could see a gnoll.

Vanquished Creatures
  A gnoll (D:2)
  An adder (D:2)
  A dart slug (D:2)
  3 leopard geckos
  A giant cockroach (D:2)
  A goblin (D:1)
  A hobgoblin (D:1)
  5 jackals
  3 kobolds
  A quokka (D:2)
  2 bats
  2 frilled lizards (D:1)
  5 rats
27 creatures vanquished.

Notes
Turn   | Place    | Note
-------+----------+-------------------------------------------
     0 | Abyss:1  | Revguard the Demonspawn Abyssal Knight began the quest for the Orb.
     0 | Abyss:1  | Reached XP level 1. HP: 18/18 MP: 2/2
    24 | Abyss:1  | Found a corrupted altar of Lugonu.
    94 | Abyss:1  | Noticed a starcursed mass
    99 | D:1      | Escaped the Abyss
   220 | D:1      | Gained mutation: You are partially covered in slimy green scales. (AC +2) [demonic ancestry]
   220 | D:1      | Reached XP level 2. HP: 16/24 MP: 3/3
   751 | D:2      | Reached skill level 1 in Dodging
   899 | D:2      | HP: 1/24 [jackal (2)]
  1198 | D:2      | Found a snail-covered altar of Cheibriados.
  1269 | D:2      | Reached XP level 3. HP: 23/29 MP: 4/4
  1287 | D:2      | Gained mutation: Your mind is acute. (Int +2) [potion of mutation]
  1287 | D:2      | Gained mutation: You are resistant to hostile enchantments. (MR+) [potion of mutation]
  1952 | D:2      | Slain by a gnoll

Skill      XL: |  1  2  3 |
---------------+----------+-----
Axes           | 2 |  2.6
Dodging        | 1 |  1.3
Armour         | 2 |  2.0
Fighting       | |  3.3
Stealth        | |  0.1
Spellcasting   | |  0.9
Invocations    | |  2.6

Action                   || total
-------------------------++-------
Melee: Hand axe          ||   167
  Use: Scroll            ||     8
       Potion            ||     4
  Eat: Ration            ||     1
Armor: Leather armour    ||    62
Dodge: Dodged            ||   130
